 Dungeon Crawl Stone Soup version 0.32-a0-607-g64ea0e4219 (webtiles) character file.

Game seed: 12125337672750583369

401 ezpacito the Trooper (level 6, 0/48 HPs)
             Began as a Coglin Chaos Knight on Mar 4, 2024.
             Was a Plaything of Xom.
             Slain by a bullfrog (1 damage)
             ... in a sewer.
             The game lasted 00:05:50 (3004 turns).

ezpacito the Trooper (Coglin Chaos Knight)          Turns: 3004, Time: 00:05:51

Health: 0/48       AC:  6    Str: 14    XL:     6   Next: 85%
Magic:  8/8        EV: 12    Int: 12    God:    Xom [..*...]
Gold:   130        SH:  0    Dex: 13    Spells: 8/8 levels left

rFire   . . .        a - +0 hand axe (chaos) {Matia}
rCold   . . .        d - +0 dagger {Ulrike}
rNeg    . . .        b - +2 leather armour
rPois   .            (no helmet)
rElec   .            i - +0 cloak
rCorr   .            (no gloves)
SInv    .            (no boots)
Will    .....        (amulet unavailable)
Stlth   ++           (ring unavailable)
HPRegen 0.28/turn    (ring unavailable)
MPRegen 0.11/turn    (no gizmo)

%: no passive effects
@: revved
A: off-hand wielding, slow wielding, warmup strikes, no jewellery
a: Invent Gizmo, Renounce Religion


You were in a sewer.
You worshipped Xom.
You were a toy of Xom.
You visited 1 branch of the dungeon, and saw 3 of its levels.
You also visited: Sewer.

You collected 130 gold pieces.

Inventory:

Hand Weapons
 a - a +0 hand axe of chaos (weapon) {Matia}
 d - a +0 dagger (offhand) {Ulrike}
Missiles
 f - a throwing net
 g - 6 boomerangs
 h - 2 poisoned darts
Armour
 b - a +2 leather armour (worn)
 i - a +0 cloak (worn)
Magical Staves
 m - a staff of death
Wands
 k - a wand of flame (11)
Scrolls
 j - 3 scrolls of enchant armour
 l - a scroll of vulnerability
Potions
 c - a potion of magic
 e - 2 potions of mutation


   Skills:
 * Level 4.0 Fighting
 * Level 4.0(4.2) Axes
 + Level 1.5(2.8) Polearms
 * Level 3.0 Armour
 * Level 2.4 Dodging
 + Level 1.5 Stealth
 + Level 1.5 Spellcasting
 + Level 1.3 Evocations


You had 8 spell levels left.
You didn't know any spells.
Your spell library contained the following spells:

 Spells                   Type           Power      Damage    Failure   Level
 Inner Flame              Hex/Fire       0%         N/A       71%         3
 Flame Wave               Conj/Fire      0%         2d4       98%         4
 Sticky Flame             Fire/Alch      0%         2d4       98%         4


Dungeon Overview and Level Annotations

Branches:
Dungeon (3/15)              Sewer (1/1)

Altars:


Innate Abilities, Weirdness & Mutations

You can wield a second weapon in your off-hand.
It takes a long time for you to wield or remove held weapons.
Your first few attacks do less damage.
You cannot equip rings or amulets.


Message History

You closely miss the adder with your +0 hand axe of chaos.
You hit the bullfrog with your +0 hand axe of chaos.
The bullfrog convulses.
You hit the ball python with your +0 hand axe of chaos.
You kill the ball python!
You hit the adder but do no damage.
You feel sick. Xom's power flows through you! The adder misses you.
The bullfrog hits you. The adder bites you but does no damage.
You take 4 damage, and have 22/48 hp.
It was a potion of magic.
Magic courses through your body.
You feel sick. The bullfrog hits you. The bullfrog hits you!
* * * LOW HITPOINT WARNING * * *
The adder bites you but does no damage. x2; The adder completely misses you.
The bullfrog hits you.
* * * LOW HITPOINT WARNING * * *
The bullfrog hits you but does no damage.
The adder closely misses you.
You take 14 damage, and have 8/48 hp.
MASSIVE DAMAGE!!
As you read the scroll labelled HIASMO AZYKO, it dissolves into smoke.
It was a scroll of fog.
You feel sick.
You are no longer poisoned.
You kill the adder!
The bullfrog hits you.
* * * LOW HITPOINT WARNING * * *
The bullfrog hits you but does no damage.
The adder bites you but does no damage. The adder closely misses you.
Your animated leather armour barely misses the bullfrog.
Your animated leather armour hits the bullfrog.
You take 7 damage, and have 1/48 hp.
You hit the adder with your +0 hand axe of chaos.
You kill the adder!
You barely miss the bullfrog with your +0 hand axe of chaos.
You hit the bullfrog with your +0 hand axe of chaos.
The bullfrog seems to slow down.
You hit the adder with your +0 hand axe of chaos.
You burn the adder. The bullfrog misses you. The bullfrog closely misses you.
The adder closely misses you. The bullfrog hits you.
You die... "It was about time."

~~≈~~#
#####~~~~~~#
~~~~≈#
#≈~~~≈~#
~~~~~#
#≈~~≈~≈#
≈≈~≈~#
#≈≈~~~≈#
≈≈≈~~#
#≈~≈~~≈#
....##
#≈≈~~≈~#
.[(.≈
#≈≈§§§~#
....≈
#≈≈§§[§#
#≈≈§F@§#
#≈≈§S§F#
#≈~§J#~#
#≈≈~~≈≈#
#≈≈~≈~≈#
#≈~~≈≈~#
#≈≈#~≈~#
#......#


rrr #.J....# You could see 2 bullfrogs, an adder, an endoplasm and a friendly
animated leather armour (summoned).

Vanquished Creatures
  An orc priest (D:3)
  Crazy Yiuf (D:2)
  Natasha (thrice) (D:2)
  3 gnolls (D:2)
  13 adders
  4 river rats
  4 dart slugs
  5 ribbon worms
  4 orcs (D:3)
  2 bats (D:1)
  9 endoplasms
  3 giant cockroaches
  3 goblins
  4 hobgoblins
  2 jackals (D:1)
  2 quokkas
  8 ball pythons
  4 frilled lizards (D:1)
  2 kobolds
  15 rats
92 creatures vanquished.

Notes
Turn   | Place    | Note
-------+----------+-------------------------------------------
     0 | D:1      | ezpacito the Coglin Chaos Knight began the quest for the
                  | Orb.
     0 | D:1      | Reached XP level 1. HP: 18/18 MP: 1/1
   115 | D:1      | Reached skill level 1 in Dodging
   152 | D:1      | Reached XP level 2. HP: 16/24 MP: 2/2
   159 | D:1      | XOM: divination: magic mapping
   516 | D:1      | Reached XP level 3. HP: 25/29 MP: 3/3
   798 | D:2      | Noticed Natasha
   814 | D:2      | Killed Natasha
   815 | D:2      | Reached XP level 4. HP: 23/35 MP: 3/5
   901 | D:2      | Noticed Natasha
   905 | D:2      | Killed Natasha
   906 | D:2      | Reached skill level 1 in Spellcasting
  1211 | D:2      | Found a faded altar of an unknown god.
  1268 | D:2      | XOM: silly message
  1501 | D:2      | XOM: stat loss: -1 Dex (12/13)
  1560 | D:2      | Reached XP level 5. HP: 41/41 MP: 6/6
  1565 | D:2      | Reached skill level 1 in Polearms
  1703 | D:2      | Noticed Natasha
  1714 | D:2      | Killed Natasha
  1715 | D:2      | Reached skill level 1 in Stealth
  1784 | D:2      | XOM: draining
  2043 | D:2      | Found a runed translucent door.
  2044 | D:2      | Noticed Crazy Yiuf
  2140 | D:2      | Killed Crazy Yiuf
  2463 | D:3      | XOM: 1-stop teleportation journey
  2472 | D:3      | Reached XP level 6. HP: 41/48 MP: 6/8
  2722 | D:3      | Found a glowing drain.
  2731 | Sewer    | Entered a sewer
  2846 | Sewer    | Reached skill level 1 in Evocations
  2847 | Sewer    | XOM: 2-stop teleportation journey
  2856 | Sewer    | XOM: potion effect (haste)
  2889 | Sewer    | XOM: silly message
  2960 | Sewer    | XOM: divination: detect items
  2994 | Sewer    | XOM: divination: detect creatures
  2998 | Sewer    | XOM: enchant monster (bad)
  3001 | Sewer    | XOM: cast spell 'Animate Armour'
  3003 | Sewer    | HP: 1/48 [bullfrog (6)]
  3004 | Sewer    | Slain by a bullfrog

Illustrated notes

Levels and vault maps discovered:
D:1:      heliophobic_arrival_glass_houses, layout_loops_ring
D:2:      layout_basic, chequers_ecumenical_altar_lobes, uniq_natasha,
          uniq_crazy_yiuf_cottage
D:3:      layout_rooms, slow_altar_1, old_standard_altar,
          lightli_sewer_entry_pipes
Sewer:    sewer_minmay_w

Skill      XL: |  1  2  3  4  5  6 |
---------------+-------------------+-----
Dodging        | 1 2 |  2.4
Armour         | 2 3 |  3.0
Spellcasting   | 1 |  1.5
Polearms       | 1 |  1.5
Stealth        | 1 |  1.5
Evocations     | 1 |  1.3
Fighting       | 4 |  4.0
Axes           | 4 |  4.0

Action                     |  1- 3 |  4- 6 || total
---------------------------+-------+-------++-------
  Melee: Hand axe          |    59 |   177 ||   236
         Dagger            |    50 |   168 ||   218
  Evoke: Wand              |       |     4 ||     4
    Use: Scroll            |       |     8 ||     8
         Potion            |       |     1 ||     1
   Stab: Petrifying        |     1 |       ||     1
         Sleeping          |     2 |     2 ||     4
         Confused          |     2 |     1 ||     3
 Armour: Leather armour    |    29 |   165 ||   194
  Dodge: Dodged            |    34 |   167 ||   201

Table legend: (Time is in decaauts)
 A = Elapsed time spent in this place.
 B = Non-inter-level travel time spent in this place.
 C = Inter-level travel time spent in this place.
 D = Time resting spent in this place.
 E = Time spent auto-exploring this place.
 F = Levels seen in this place.
 G = Mean time per level.
                   A        B        C        D        E       F      G
               +--------+--------+--------+--------+--------+-----+--------+
         Total |   3020 |   2956 |     64 |    196 |   2016 |   4 |  755.0 |
       Dungeon |   2751 |   2687 |     64 |     58 |   1969 |   3 |  917.0 |
         Sewer |    269 |    269 |      0 |    138 |     47 |   1 |  269.0 |
               +--------+--------+--------+--------+--------+-----+--------+

Top non-repeatable levels by time:
     D:2: 1593 daAuts
     D:1: 725 daAuts
     D:3: 431 daAuts
   Sewer: 269 daAuts
